 Dungeon Crawl Stone Soup version 0.17-a0-1570-g74b7129 (webtiles) character file.

2685 tt080 the Spear-Bearer (level 9, -9/61 HPs)
             Began as a Merfolk Skald on July 23, 2015.
             Was a Believer of Okawaru.
             Mangled by urechis's ghost (18 damage)
             ... on level 8 of the Dungeon.
             The game lasted 00:49:08 (13572 turns).

tt080 the Spear-Bearer (Merfolk Skald)             Turns: 13572, Time: 00:49:08

Health: -9/61      AC:  7    Str: 15    XL:     9   Next: 64%
Magic:  12/12      EV: 11    Int: 11    God:    Okawaru [**....]
Gold:   615        SH:  0    Dex: 14    Spells: 2 memorised, 9 levels left

rFire  . . .     SeeInvis .     K - +0 halberd
rCold  . . .     Clarity  .     b - +3 leather armour
rNeg   . . .     SustAt   .     (no shield)
rPois  +         Gourm    +     a - +0 helmet of Boredom {rPois}
rElec  .         Spirit   .     (no cloak)
rCorr  .         Warding  .     (no gloves)
rMut   .         Stasis   .     (no boots)
MR     .....                    h - amulet of the gourmand
Stlth  +.........               (no ring)
                                (no ring)

@: not resistant to hostile enchantments, very unstealthy
A: change form in water, swift swim
a: Heroism, Renounce Religion


You were on level 8 of the Dungeon.
You worshipped Okawaru.
Okawaru was pleased with you.
You were full.

You visited 2 branches of the dungeon, and saw 9 of its levels.
You also visited: Bailey.

You collected 615 gold pieces.

Inventory:

Hand weapons
 i - a +0 hunting sling
 p - a +1 trident
 v - a +0 trident
 y - a -3 blowgun
 K - a +0 halberd (weapon)
Missiles
 l - 13 poisoned bolts
 m - 41 stones (quivered)
 n - 139 arrows
 o - 74 sling bullets
 r - 2 tomahawks
 w - 12 bolts of penetration
 C - 6 bolts
 E - 2 throwing nets
Armour
 a - the +0 helmet of Boredom (worn) {rPois}
   (You found it in a bailey)

   It protects you from poison.
 b - a +3 leather armour (worn)
 A - a +2 fire dragon armour
Magical staves
 B - an uncursed staff of death {unknown}
Jewellery
 h - an amulet of the gourmand (around neck)
Magical devices
 x - a wand of magic darts (23)
Scrolls
 e - 3 scrolls of remove curse
 g - 4 scrolls of identify
 j - a scroll of immolation {unknown}
 t - 2 scrolls of enchant armour
 F - a scroll of enchant weapon
 G - a scroll of recharging {unknown}
 H - 2 scrolls of acquirement
 L - a scroll of blinking {unknown}
Potions
 k - a potion of resistance
 q - a potion of cancellation
 D - a potion of agility
 I - a potion of heal wounds
 J - a potion of magic
Books
 c - a book of Battle

   Spells                             Type                      Level
   a - Infusion                       Charms                       1
   b - Shroud of Golubria             Charms/Translocation         2
   c - Song of Slaying                Charms                       2
   d - Spectral Weapon                Hexes/Charms                 3
   e - Regeneration                   Charms/Necromancy            3
 f - the Handbook of the Hurtful Blaze
   (You found it in a bailey)

   Spells                             Type                      Level
   a - Flame Tongue                   Conjuration/Fire             1
   b - Throw Flame                    Conjuration/Fire             2
   c - Conjure Flame                  Conjuration/Fire             3
   d - Fireball                       Conjuration/Fire             5
   e - Ring of Flames                 Charms/Fire                  7
Comestibles
 d - 5 bread rations
 s - 2 royal jellies
 u - 3 meat rations
 z - 6 fruits
 M - a beef jerky
 N - 3 chunks of flesh


   Skills:
 - Level 2.1 Fighting
 * Level 14.7 Polearms
 * Level 2.7 Armour
 - Level 7.9 Dodging
 - Level 2.0 Spellcasting
 - Level 3.2 Charms


You had 9 spell levels left.
You knew the following spells:

 Your Spells              Type           Power        Failure   Level  Hunger
a - Infusion              Chrm           #.....       12%         1    ##.....
b - Shroud of Golubria    Chrm/Tloc      #.........   30%         2    ###....


Dungeon Overview and Level Annotations

Branches:
Dungeon (8/15)             Temple (1/1) D:7
   Lair: D:8-11

Altars:
Ashenzari
Cheibriados
Dithmenos
Elyvilon
Fedhas
Gozag
Kikubaaqudgha
Makhleb
Nemelex Xobeh
Okawaru
Qazlal
Ru
Sif Muna
Trog
Vehumet
Xom
Yredelemnul
Zin
The Shining One

Shops:
D:8 (

Annotations:
D:4 Pikel
D:8 urechis's ghost, experienced TrMo


Message History

Press: ? - help, v - describe, . - travel
Here: urechis's ghost (hasn't noticed you)
The floor.
Urechis's ghost hits you.
An orc comes into view.
An orc priest comes into view. It is wielding a war axe.
The orc priest shouts!
Found a beef jerky.
An orc comes into view. It is wielding a mace.
There is an escape hatch in the ceiling here.
You closely miss urechis's ghost.
You hit urechis's ghost but do no damage.
Urechis's ghost hits you!!
Ouch! That really hurt!
* * * LOW HITPOINT WARNING * * *
The orc priest invokes the aid of Beogh against you.
Something smites you!
* * * LOW HITPOINT WARNING * * *
Urechis's ghost hits you!!
You die...

.###.##.##
.....#...##########
............##.. .#
######...##.##.# .#
##.###.##.##.# ..
#.# #.......# ..
#.# #..#.#..##.#.%
#.# #......#o.oo..
#.# #(.#.#@.# . ..#
#(...W..# #(.#.##.#
#..#.# ... #....#
#### ...### ####


You could see an orc priest, urechis's ghost and 2 orcs.

Vanquished Creatures
  An orc knight (Bailey)
  A hippogriff (D:7)
  Edmund (D:6)
  3 slaves
  3 orc warriors (Bailey)
  A phantom (D:8)
  A necrophage (D:6)
  2 centaurs (D:8)
  3 giant frogs
  A scorpion (D:7)
  3 wights (D:8)
  2 crimson imps
  A centaur zombie (D:5)
  A giant frog zombie (D:6)
  3 orc priests
  2 jellies (D:7)
  3 hounds
  4 iguanas
  6 orc wizards
  5 worker ants
  10 adders
  5 gnolls
  An adder zombie (D:6)
  4 worms
  An adder skeleton (D:4)
  2 giant geckos
  32 orcs
  7 giant cockroaches
  10 goblins
  11 hobgoblins
  4 jackals
  6 quokkas
  9 bats
  5 giant newts
  12 kobolds
  8 rats
174 creatures vanquished.

Notes
Turn   | Place    | Note
--------------------------------------------------------------
     0 | D:1      | tt080 the Merfolk Skald began the quest for the Orb.
     0 | D:1      | Reached XP level 1. HP: 16/16 MP: 3/3
   335 | D:1      | Reached skill level 4 in Polearms
   335 | D:1      | Reached XP level 2. HP: 12/22 MP: 5/5
   759 | D:1      | Learned a level 2 spell: Shroud of Golubria
  1601 | D:2      | Found a shimmering altar of Xom.
  1602 | D:2      | Found a shimmering altar of Xom.
  1603 | D:2      | Found a shimmering altar of Xom.
  1613 | D:2      | Reached skill level 5 in Polearms
  1613 | D:2      | Reached XP level 3. HP: 11/27 MP: 0/6
  2310 | D:2      | Reached skill level 6 in Polearms
  2377 | D:2      | Reached XP level 4. HP: 28/33 MP: 7/7
  3301 | D:3      | Reached skill level 7 in Polearms
  3705 | D:3      | Reached XP level 5. HP: 27/38 MP: 3/8
  4391 | D:4      | Noticed a slave
  4815 | D:4      | Noticed Pikel
  4815 | D:4      | Noticed a slave
  4816 | D:4      | Noticed a slave
  4817 | D:4      | Noticed a slave
  4843 | D:4      | Reached skill level 8 in Polearms
  5129 | D:4      | Killed a slave
  5880 | D:5      | Entered Level 5 of the Dungeon
  6258 | D:5      | Reached XP level 6. HP: 39/44 MP: 2/9
  6864 | D:5      | Found a burning altar of Makhleb.
  6875 | D:5      | Noticed an ogre
  6921 | D:5      | Reached skill level 9 in Polearms
  7112 | D:5      | Noticed a centaur
  7307 | D:3      | Killed a slave
  8074 | D:3      | Killed a slave
  8181 | D:4      | Reached XP level 7. HP: 40/50 MP: 8/10
  8453 | D:5      | HP: 2/50 [centaur/arrow (9)]
  8923 | D:4      | Reached skill level 10 in Polearms
  9237 | D:5      | Found a shattered altar of Ashenzari.
  9723 | D:6      | Reached skill level 5 in Dodging
  9776 | D:6      | Reached skill level 11 in Polearms
  9977 | D:6      | Noticed Edmund
 10005 | D:6      | Killed Edmund
 10005 | D:6      | Reached XP level 8. HP: 56/56 MP: 11/11
 10125 | D:7      | Found a blossoming altar of Fedhas.
 10144 | D:7      | Found a shadowy altar of Dithmenos.
 10146 | D:7      | Identified a scroll of acquirement
 10148 | D:7      | Found a white marble altar of Elyvilon.
 10150 | D:7      | Found a bloodstained altar of Trog.
 10176 | D:7      | Found a shadowy altar of Dithmenos.
 10394 | D:7      | Reached skill level 12 in Polearms
 10561 | D:7      | Found a staircase to the Ecumenical Temple.
 10618 | Temple   | Entered the Ecumenical Temple
 10654 | Temple   | Became a worshipper of Warmaster Okawaru
 10766 | D:7      | Found a flagged portal.
 10782 | Bailey   | Entered a bailey
 11936 | Bailey   | Noticed an orc knight
 11987 | Bailey   | Killed an orc knight
 11987 | Bailey   | Reached skill level 13 in Polearms
 11987 | Bailey   | Reached XP level 9. HP: 35/61 MP: 12/12
 12077 | Bailey   | Acquired Okawaru's first power
 12090 | Bailey   | Identified the Handbook of the Hurtful Blaze
 12092 | Bailey   | Got a dazzling helmet
 12111 | Bailey   | Identified the +0 helmet of Boredom {rPois} (You found it in a bailey)
 12693 | D:7      | Reached skill level 14 in Polearms
 12770 | D:7      | Reached skill level 1 in Armour
 13019 | D:8      | Found Tiwu's Antique Weapon Emporium.
 13565 | D:8      | Noticed urechis's ghost (experienced TrMo)
 13572 | D:8      | Mangled by urechis's ghost

Vault maps used:
D:1:      minmay_arrival_five_plusses
D:2:      xom_redecorated
D:3:      first_bread
D:4:      uniq_pikel
D:5:      nicolae_overflow_hidden_temple, bloody_makhleb, minivault_14,
          uniq_blork_the_orc
D:6:      hex_intersection, uniq_edmund
D:7:      grunt_temple_overflow_open, temple_hall, enter_bailey_2,
          nicolae_dithmenos_the_darkroom
D:8:      serial_shops, nicolae_shop_statue_plus, basic_altar, uniq_psyche
Temple:   triangle_lava_temple_12
Bailey:   bailey_polearm_1, bailey

Action                   |  1- 3 |  4- 6 |  7- 9 || total
-------------------------+-------+-------+-------++-------
Melee: Spear             |   130 |   479 |   108 ||   717
       Trident           |       |       |   161 ||   161
       Unarmed           |       |       |    11 ||    11
       Halberd           |       |       |   140 ||   140
 Fire: Hunting sling     |       |       |   130 ||   130
       Blowgun           |       |       |    21 ||    21
Throw: Stone             |     6 |     4 |    65 ||    75
       Javelin           |       |       |     3 ||     3
 Cast: Infusion          |     4 |    14 |     4 ||    22
       Shroud of Golubri |     1 |    16 |     4 ||    21
  Use: Scroll            |       |     9 |    12 ||    21
       Potion            |       |     7 |     2 ||     9
 Stab: Sleeping          |       |     1 |     1 ||     2
       Distracted        |       |       |     1 ||     1
  Eat: Chunk             |     2 |    21 |    19 ||    42
       Bread ration      |     1 |       |       ||     1
       Beef jerky        |       |       |     1 ||     1
